AoeStats
← Pancho-Hot

Arabia

508812906Analyzed
1v1 RM · 7d ago on Sep 24, 2026· 43m 11s· 2 players
Game mode
Random Map
Map size
Tiny (2 player)
Population
200
Speed
Normal
Resources
Standard
Victory
Conquest
Starting age
Dark Age
Ending age
Imperial Age
RankedLock teamsTeams togetherTeam positionsShared explorationLock speedFull tech treeHidden civsTurbo modeCheats
Victory
Defeat
🇲🇽 Magyars · Mexico
1015
+18
🇲🇽 Mongols · Mexico
1053
-18
DIBBUK
7:11 Loom
9:22 Feudal Age
14:30 Double-Bit Axe
18:48 Wheelbarrow
18:29 Fletching
24:14 Castle Age
22:45 Horse Collar
24:07 Scale Barding Armor
24:14 Bloodlines
25:18 Hand Cart
25:17 Bow Saw
25:41 Heavy Plow
29:53 Chain Barding Armor
30:39 Husbandry
32:00 Padded Archer Armor
32:20 Elite Skirmisher
32:58 Bodkin Arrow
34:04 Stone Mining
34:04 Gold Mining
35:13 Leather Archer Armor
35:26 Man-at-Arms
40:38 Imperial Age
Pancho-Hot
5:01 Loom
8:26 Feudal Age
9:24 Man-at-Arms
22:11 Castle Age
21:16 Double-Bit Axe
26:08 Husbandry
27:32 Thumb Ring
27:23 Fletching
28:16 Pikeman
31:03 Bodkin Arrow
32:10 Padded Archer Armor
Connection lost

Rejoining the realm…

Still unreachable

The connection could not be restored.

Session expired

The server has moved on; the page needs a fresh start.